 Dungeon Crawl Stone Soup version 0.29.1-15-g9cfb28693d (webtiles) character file.

Game seed: 17408888050824790999

60 fozzywoppz the Ducker (level 4, -3/35 HPs)
             Began as a Merfolk Gladiator on Mar 17, 2023.
             Was a Believer of Lugonu.
             Killed from afar by an orc wizard (4 damage)
             ... with a puff of flame
             ... on level 3 of the Dungeon.
             The game lasted 00:03:14 (1904 turns).

fozzywoppz the Ducker (Merfolk Gladiator)           Turns: 1904, Time: 00:03:15

Health: -3/35      AC:  4    Str: 16    XL:     4   Next: 6%
Magic:  4/4        EV: 13    Int:  7    God:    Lugonu [**....]
Gold:   97         SH:  0    Dex: 15    Spells: 3/3 levels left

rFire   + . .      SeeInvis .   a - +0 trident
rCold   . . .      Faith    .   (no shield)
rNeg    . . .      Spirit   .   p - +0 leather armour {Will+}
rPois   .          Reflect  .   c - +0 helmet
rElec   .          Harm     .   (no cloak)
rCorr   .          Rampage  .   (no gloves)
Will    +....                   (no boots)
Stlth   +.........              (no amulet)
HPRegen 0.11/turn               f - ring of protection from fire
MPRegen 0.09/turn               (no ring)

@: mighty, attractive
A: (nimble swimmer 2), mertail
a: Renounce Religion, Depart the Abyss, Bend Space


You were on level 3 of the Dungeon.
You worshipped Lugonu.
Lugonu was pleased with you.
You visited 1 branch of the dungeon, and saw 3 of its levels.

You collected 97 gold pieces.

Inventory:

Hand Weapons
 a - a +0 trident (weapon)
Missiles
 d - 3 throwing nets (quivered)
 e - a javelin
Armour
 b - a +0 leather armour
 c - a +0 helmet (worn)
 j - a +0 ring mail
 p - a +0 leather armour of willpower (worn)
Jewellery
 f - a ring of protection from fire (left hand)
Scrolls
 g - a scroll of amnesia {unknown}
 h - a scroll of fear {unknown}
 i - 2 scrolls of teleportation {unknown}
 n - 2 scrolls of identify {unknown}
 o - a scroll of vulnerability {unknown}
Potions
 k - a potion of haste {unknown}
 l - a potion of attraction
 m - a potion of flight {unknown}
 q - a potion of heal wounds {unknown}


   Skills:
 + Level 3.0 Fighting
 + Level 4.6 Polearms
 + Level 2.6 Throwing
 + Level 4.7 Dodging


You had 3 spell levels left.
You didn't know any spells.
Your spell library contained the following spells:

 Spells                   Type           Power      Damage    Failure   Level
 Chain Lightning          Conj/Air       0%         N/A       100%        9
 Fire Storm               Conj/Fire      0%         5d1       100%        9
 Shatter                  Erth           0%         3d5*      100%        9


Dungeon Overview and Level Annotations

Branches:
Dungeon (3/15)

Altars:
Lugonu


Innate Abilities, Weirdness & Mutations

((You are very nimble when in or above water. (Stealth+, EV+, Speed+++)))
Your lower body shifts to a powerful aquatic tail in water.


Message History

Something barely misses you. The frilled lizard misses you.
You miss something. Something hits you.
The frilled lizard bites you but does no damage.
Something hits you.
You hit something. Something hits you.
* * * LOW HITPOINT WARNING * * *
The frilled lizard misses you.
You hear some strange, mumbled words.
A magic dart appears from out of thin air!
The magic dart hits you but does no damage.
You hear some strange, mumbled words.
You are confused.
The frilled lizard bites you but does no damage.
The frilled lizard barely misses you. The frilled lizard barely misses you.
Something hits you.
* * * LOW HITPOINT WARNING * * *
You hear some strange, mumbled words.
You're too confused to move!
Something hits you but does no damage.
You miss something. Something hits you.
* * * LOW HITPOINT WARNING * * *
It was a potion of attraction.
You feel attractive to monsters. Something hits you but does no damage.
You barely miss something.
You feel less confused. Something hits you but does no damage.
Unknown command.
You hit something.
An orc wizard appears from thin air!
Reactivating autopickup.
Something hits you.
* * * LOW HITPOINT WARNING * * *
Deactivating autopickup; reactivate with Ctrl-A.
Unknown command.
It was a potion of might.
You feel very mighty all of a sudden.
You hear some strange, mumbled words.
A puff of flame appears from out of thin air!
The puff of flame hits you. You resist.
You die...

...##.# #..[.####>..#
...##.# #.#######...#
......# #. #........#
###.........).####..##
# #.######.# #..# #
#.# #..# ...## #).#
#... ..#######o.#
#..## #......@{l.#
#..# #########...# #
.# ###.# # .# ?# .# .#


You could see an orc wizard and a frilled lizard.

Vanquished Creatures
  An adder (D:3)
  A worm (D:2)
  An orc (D:3)
  6 ball pythons
  6 endoplasms
  2 giant cockroaches
  6 goblins
  3 hobgoblins (D:2)
  3 jackals (D:2)
  2 kobolds (D:2)
  A quokka (D:2)
  6 bats
  A frilled lizard (D:3)
  2 rats
41 creatures vanquished.

Notes
Turn   | Place    | Note
-------+----------+-------------------------------------------
     0 | D:1      | fozzywoppz the Merfolk Gladiator began the quest for the
                  | Orb.
     0 | D:1      | Reached XP level 1. HP: 16/16 MP: 1/1
   349 | D:1      | Reached XP level 2. HP: 23/23 MP: 2/2
  1063 | D:2      | Reached XP level 3. HP: 22/28 MP: 3/3
  1670 | D:2      | Found a faded altar of an unknown god.
  1674 | D:2      | Prayed at the altar of an unknown god.
  1674 | D:2      | Became a worshipper of Lugonu the Unformed
  1674 | D:2      | Reached * piety under Lugonu
  1674 | D:2      | Reached ** piety under Lugonu
  1821 | D:3      | Reached XP level 4. HP: 34/35 MP: 4/4
  1903 | D:3      | HP: 1/35 [something (3)]
  1904 | D:3      | Killed from afar by an orc wizard

Illustrated notes

Levels and vault maps discovered:
D:1:      dpeg_arrival_pits, layout_basic, minmay_misc_feat_ornament,
          nicolae_kite_square_tiling_tiny
D:2:      layout_basic, chequers_ecumenical_altar_twisty, minmay_between
D:3:      layout_loops_ring, uniq_sigmund

Skill      XL: |  1  2  3 |
---------------+----------+-----
Fighting       | 3 |  3.0
Polearms       | |  4.6
Throwing       | |  2.6
Dodging        | |  4.7

Action                   |  1- 3 |  4- 6 || total
-------------------------+-------+-------++-------
Melee: Trident           |   124 |    15 ||   139
       Punch             |     1 |       ||     1
  Use: Potion            |       |     2 ||     2
 Stab: Distracted        |     1 |       ||     1
       Sleeping          |     1 |       ||     1
Armor: Ring mail         |    35 |       ||    35
       Leather armour    |     5 |    12 ||    17
Dodge: Dodged            |    90 |    12 ||   102
